 Dungeon Crawl Stone Soup version 0.30.0-29-ga12c61a403 (webtiles) character file.

Game seed: 3948269534359853848

2 qw the Shield-Bearer (level 1, 0/14 HPs)
             Began as a Gargoyle Fighter on June 4, 2023.
             Frozen to death by an endoplasm (5 damage)
             ... on level 1 of the Dungeon.
             The game lasted 00:00:03 (59 turns).

qw the Shield-Bearer (Gargoyle Fighter)               Turns: 59, Time: 00:00:04

Health: 0/14       AC:  9    Str: 19    XL:     1   Next: 30%
Magic:  1/1        EV:  9    Int:  8    God:
Gold:   0          SH:  4    Dex:  9    Spells: 0/0 levels left

rFire   . . .        a - +0 war axe
rCold   . . .        c - +0 buckler
rNeg    + . .        b - +0 scale mail
rPois   inf          (no helmet)
rElec   +            (no cloak)
rCorr   .            (no gloves)
SInv    .            (no boots)
Will    .....        (no amulet) Stlth
                     (no ring)
HPRegen 0.22/turn    (no ring)
MPRegen 0.07/turn

%: no passive effects
@: no status effects
A: sickness immunity, AC +2, negative energy resistance 1, electricity
resistance, torment resistance 1, petrification resistance
a: no special abilities


You were on level 1 of the Dungeon.
You visited 1 branch of the dungeon, and saw 1 of its levels.


Innate Abilities, Weirdness & Mutations

You are immune to sickness and miasma.
Your stone body is resilient. (AC +2)
You are immune to poison.
You resist negative energy. (rN+)
You are resistant to electric shocks. (rElec)
You are resistant to unholy torment.
You are immune to petrification.


   Skills:
 - Level 3.2 Fighting
 + Level 2.0 Axes
 - Level 3.2 Armour
 - Level 3.2 Shields


You couldn't memorise any spells.
You didn't know any spells.
Your spell library was empty.

Inventory:

Hand Weapons
 a - a +0 war axe (weapon)
Armour
 b - a +0 scale mail (worn)
 c - a +0 buckler (worn)
Scrolls
 e - a scroll of vulnerability {unknown}
Potions
 d - a potion of might

Dungeon Overview and Level Annotations

Branches:
Dungeon (1/15)

Altars:


Message History

The bat barely misses you.
You closely miss the bat. You block the bat's attack.
The bat barely misses you.
You hit the bat.
You kill the bat!
Your Axes skill increases to level 2!
Found a leather armour.
You see here a +0 leather armour.
e - a scroll labelled CAT XICKOIFA A hobgoblin comes into view.
The hobgoblin shouts!
An endoplasm comes into view.
The endoplasm quivers.
You barely miss the hobgoblin.
The endoplasm jiggles.
The hobgoblin hits you but does no damage. x2
You hit the hobgoblin but do no damage. The hobgoblin barely misses you.
You hit the endoplasm.
The endoplasm is almost dead.
You barely miss the hobgoblin. The endoplasm freezes you.
You are frozen.
You block the hobgoblin's attack.
You hit the endoplasm but do no damage.
The endoplasm is almost dead.
You barely miss the hobgoblin. The endoplasm freezes you.
You are frozen.
The hobgoblin hits you. You block the hobgoblin's attack.
The endoplasm barely misses you.
You barely miss the endoplasm.
The endoplasm is almost dead.
You barely miss the hobgoblin.
The endoplasm hits you but does no damage.
The hobgoblin hits you.
You completely miss the endoplasm.
The endoplasm is almost dead.
You barely miss the hobgoblin. The endoplasm freezes you.
You are frozen.
You die...

.............#
.#.##.....##.#
....#.....##.#####
#.#..%.........[.#
#.#......###.###.#
..#.......##.# #.#
.##...#......# #.#
###.#####.######.##
..# .# #.@.# .... .
#..gJ.# ####
#........
#.....#.#.#
##....#.# ####.. #
..# ..#


You could see an endoplasm and a hobgoblin.

Vanquished Creatures
  A quokka (D:1)
  A bat (D:1)
2 creatures vanquished.

Notes
Turn   | Place    | Note
-------+----------+-------------------------------------------
     0 | D:1      | qw the Gargoyle Fighter began the quest for the Orb.
     0 | D:1      | Reached XP level 1. HP: 14/14 MP: 1/1
     0 | D:1      | 0 ||| qw: Version: 0.2-a-107-g4668610
     0 | D:1      | 0 ||| qw: Game counter: 1235
     0 | D:1      | 0 ||| qw: Always use a shield: true
     0 | D:1      | 0 ||| qw: God list: Okawaru
     0 | D:1      | 0 ||| qw: Allow faded altars: false
     0 | D:1      | 0 ||| qw: Do Orc after D:15 true
     0 | D:1      | 0 ||| qw: Do second Lair branch before Depths: true
     0 | D:1      | 0 ||| qw: Lair rune preference: random
     0 | D:1      | 0 ||| qw: Plans: Normal, Zot:1-4, Slime:5, God:TSO, Crypt,
                  | Tomb, Abyss, Pan, Hells, Win
     0 | D:1      | 0 ||| PLANNING D:1-11
    59 | D:1      | Frozen to death by an endoplasm

Levels and vault maps discovered:
D:1:      lightli_molten_gateway, layout_loops_cross, serial_shops,
          nicolae_shop_statue_plus

Skill      XL: |  1 |
---------------+----+-----
Axes           | 2 |  2.0
Fighting       | |  3.2
Armour         | |  3.2
Shields        | |  3.2

Action                     || total
---------------------------++-------
  Melee: War axe           ||    14
 Armour: Scale mail        ||     8
  Dodge: Dodged            ||     6
  Block: Buckler           ||     6

Table legend:
 A = Non-vault XP
 B = Vault XP
 C = Vault XP percentage of total XP
 D = Non-vault monster count
 E = Vault monster count
 F = Vault count percentage of total count
                 A         B        C        D         E       F
            +---------+---------+-------+---------+---------+-------
      Total |       3 |       0 |   0.0 |       2 |       0 |   0.0
            +---------+---------+-------+---------+---------+-------
        D:1 |       3 |       0 |   0.0 |       2 |       0 |   0.0
            +---------+---------+-------+---------+---------+-------
